[Event "Titled Tuesday Blitz December 27 Early 2022"]
[White "Chigaev, Maksim"]
[Black "Bryakin, Mikhail"]
[WhiteFideId "4108116"]
[BlackFideId "4165314"]
[WhiteElo "2628"]
[BlackElo "2455"]
[Result "1-0"]
[Round "07"]
[TimeControl "180+2"]
[Date "2022.12.27"]
[WhiteClock "0:00:08"]
[BlackClock "0:00:08"]

1. e4 c6 2. d4 d5 3. e5 c5 4. dxc5 e6 5. a3 Bxc5 6. Qg4 Ne7 7. Bd3 Ng6 8. Nf3 Nc6 9. O-O Qc7 10. Re1 Nce7 11. Qh5 Bd7 12. Nc3 O-O-O 13. Ne2 Kb8 14. Ned4 a6 15. Be3 Bb6 16. c3 Rc8 17. h3 h6 18. Rac1 Qd8 19. Red1 Qe8 20. c4 dxc4 21. Bxc4 Bc7 22. Nb3 Bb5 23. Nc5 Rd8 24. Rxd8+ Bxd8 25. Qg4 Bb6 26. Nxa6+ Bxa6 27. Bxb6 Bxc4 28. Qxc4 Qc6 29. Bc5 Nc8 30. Qf1 Qd5 31. Be3 Rd8 32. b4 Nxe5 33. Nxe5 Qxe5 34. Qc4 Qd6 35. Bf4 e5 36. Be3 f6 37. a4 Ne7 38. a5 Nd5 39. Bc5 Qd7 40. b5 Nf4 41. Bb6 Re8 42. a6 bxa6 43. bxa6 Nd5 44. Bc5 Ka8 45. Rd1 Rd8 46. Qb3 Qc6 47. Be3 f5 48. Bb6 Rb8 49. Qxd5 Qxd5 50. Rxd5 Rxb6 51. Rxe5 Rf6 52. Ra5 Ka7 53. h4 g6 54. h5 gxh5 55. Kh2 Rxa6 56. Rxf5 Rg6 57. Rxh5 Kb6 58. Kh3 Kc6 59. g4 Kd6 60. Rf5 Ke7 61. Kh4 Ra6 62. Kh5 Re6 63. f3 Ke8 64. f4 Ke7 65. g5 hxg5 66. fxg5 Re1 67. g6 Ke6 68. Rf8 Rg1 69. Kh6 Ke7 70. Rf2 1-0


[Site "https://www.chess.com"]

[Event "Titled Tuesday Blitz December 27 Early 2022"]
[White "Ciuffoletti, Paolo"]
[Black "Janaszak, Dawid"]
[WhiteFideId "807630"]
[BlackFideId "1119206"]
[WhiteElo "2106"]
[BlackElo "2316"]
[Result "0-1"]
[Round "07"]
[TimeControl "180+2"]
[Date "2022.12.27"]
[WhiteClock "0:00:01"]
[BlackClock "0:01:39"]

1. e4 c5 2. d4 cxd4 3. c3 e5 4. Nf3 Nc6 5. Bc4 Nf6 6. Ng5 d5 7. exd5 Na5 8. Bb5+ Bd7 9. Qa4 Bd6 10. O-O O-O 11. Bxd7 Nxd7 12. cxd4 Rc8 13. Nc3 Rc4 14. Qc2 Nf6 15. dxe5 Bxe5 16. Qd3 Bxc3 17. bxc3 Qxd5 18. Qxd5 Nxd5 19. Ba3 Rfc8 20. Rfe1 Nxc3 21. Bb2 Na4 22. Rab1 h6 23. Ne4 R8c6 24. Ba3 Re6 25. Ng3 Rc2 26. Rxe6 fxe6 0-1


[Site "https://www.chess.com"]

[Event "Titled Tuesday Blitz December 27 Early 2022"]
[White "Costachi, Mihnea"]
[Black "Slade, Theodore"]
[WhiteFideId "1217518"]
[BlackFideId "426547"]
[WhiteElo "2476"]
[BlackElo "1995"]
[Result "1-0"]
[Round "07"]
[TimeControl "180+2"]
[Date "2022.12.27"]
[WhiteClock "0:01:49"]
[BlackClock "0:00:03"]

1. e4 e5 2. f4 exf4 3. Nf3 g5 4. d4 Bg7 5. h4 h6 6. Nc3 d6 7. Bc4 Be6 8. Qd3 Nd7 9. Bxe6 fxe6 10. e5 Kf7 11. hxg5 hxg5 12. Rxh8 Bxh8 13. Ne4 Ke7 14. Nexg5 Qf8 15. Qg6 Qf5 16. Nh4 Rf8 17. Nxf5+ exf5 18. Qh7+ Kd8 19. Ne6+ Ke8 20. Nxf8 Kd8 21. Qxd7# 1-0


[Site "https://www.chess.com"]

[Event "Titled Tuesday Blitz December 27 Early 2022"]
[White "De Souza, Cristiano Gomes"]
[Black "Adel, Sara"]
[WhiteFideId "2151758"]
[BlackFideId "10616764"]
[WhiteElo "2018"]
[BlackElo "1739"]
[Result "0-1"]
[Round "07"]
[TimeControl "180+2"]
[Date "2022.12.27"]
[WhiteClock "0:00:51"]
[BlackClock "0:00:10"]

1. d4 Nf6 2. c4 g6 3. Nc3 Bg7 4. e4 d6 5. Nf3 Nc6 6. Be2 e5 7. d5 Ne7 8. O-O O-O 9. Ne1 Ne8 10. Be3 f5 11. f3 f4 12. Bf2 g5 13. Nd3 h5 14. c5 Ng6 15. a4 Rf7 16. Nb5 a6 17. Na3 Bf8 18. Qb3 g4 19. Nc4 Qg5 20. Rfc1 g3 21. hxg3 fxg3 22. Be3 Qh4 23. Kf1 Qh1+ 24. Bg1 Nh4 25. Ne1 Bh3 26. Qe3 Nxg2 27. Nxg2 Qxg2+ 28. Ke1 Kh7 29. cxd6 Bh6 30. Qc5 cxd6 31. Qb6 Bxc1 32. Rxc1 Rc8 33. Be3 Qh2 34. Kd2 g2 35. Bg1 Qf4+ 36. Be3 Qf6 37. Bd3 Rfc7 38. f4 exf4 39. e5+ Qf5 40. Bxf5+ Bxf5 41. Bxf4 Rxc4 42. Rxc4 Rxc4 43. Qxb7+ Kg6 44. Qe7 Rc2+ 45. Ke3 g1=Q+ 46. Kf3 Qf2# 0-1


[Site "https://www.chess.com"]

[Event "Titled Tuesday Blitz December 27 Early 2022"]
[White "Demidov, Mikhail"]
[Black "Alex_Sahakyan2006"]
[WhiteFideId "4197143"]
[WhiteElo "2583"]
[BlackElo "2629"]
[Result "0-1"]
[Round "07"]
[TimeControl "180+2"]
[Date "2022.12.27"]
[WhiteClock "0:00:02"]
[BlackClock "0:00:11"]

1. Nf3 g6 2. g3 Bg7 3. Bg2 e5 4. d3 d5 5. O-O Nc6 6. e4 Nge7 7. exd5 Nxd5 8. Nc3 Nxc3 9. bxc3 O-O 10. Re1 h6 11. Rb1 Rb8 12. Nd2 Be6 13. a4 Bd5 14. Rb5 Bxg2 15. Kxg2 a6 16. Rb3 Re8 17. Qf3 f5 18. Nc4 Qd7 19. Rd1 b5 20. axb5 axb5 21. Ne3 Ne7 22. Ba3 c6 23. Bxe7 Rxe7 24. c4 Rd8 25. cxb5 cxb5 26. Rdb1 e4 27. dxe4 fxe4 28. Qe2 Qd2 29. Qxb5 Rf7 30. Rf1 Bd4 31. Qc4 Rf8 32. Kh3 Bg7 33. Qxe4 Rxf2 34. Rxf2 Rxf2 35. Rb8+ Kh7 36. Ng4 Rf5 37. Ne3 Re5 38. Qc4 h5 39. Nf1 Qf2 40. Qf4 Qe2 0-1


[Site "https://www.chess.com"]

[Event "Titled Tuesday Blitz December 27 Early 2022"]
[White "Demin, Vladimir"]
[Black "Srebrnic, Marko"]
[WhiteFideId "4167457"]
[BlackFideId "14603616"]
[WhiteElo "2430"]
[BlackElo "2366"]
[Result "1-0"]
[Round "07"]
[TimeControl "180+2"]
[Date "2022.12.27"]
[WhiteClock "0:00:54"]
[BlackClock "0:00:01"]

1. d4 Nf6 2. Nc3 d5 3. Bf4 c6 4. e3 Qa5 5. Bd3 g6 6. Ne2 Bf5 7. O-O e6 8. f3 Bxd3 9. cxd3 Nbd7 10. e4 h5 11. Kh1 Bh6 12. Bxh6 Rxh6 13. a3 h4 14. b4 Qc7 15. Qd2 Rh7 16. Rac1 Rc8 17. e5 Ng8 18. Nb5 cxb5 19. Rxc7 Rxc7 20. Rc1 Kd8 21. Rxc7 Kxc7 22. Qc1+ Kb8 23. Nc3 a6 24. a4 bxa4 25. b5 a5 26. Nxa4 Ne7 27. Qa3 Nc8 28. Nc5 Ndb6 29. Qxa5 h3 30. Na4 hxg2+ 31. Kxg2 Nxa4 32. Qxa4 Rh8 33. Qb4 b6 34. Qd2 Rd8 35. Qc1 Na7 36. Qa3 Kb7 37. Qe7+ Kb8 38. Qxd8+ 1-0


[Site "https://www.chess.com"]

[Event "Titled Tuesday Blitz December 27 Early 2022"]
[White "Donskov, Anatoly"]
[Black "Galchenko, Matvey"]
[WhiteFideId "24143413"]
[BlackFideId "24175480"]
[WhiteElo "2279"]
[BlackElo "2438"]
[Result "0-1"]
[Round "07"]
[TimeControl "180+2"]
[Date "2022.12.27"]
[WhiteClock "0:00:05"]
[BlackClock "0:00:09"]

1. e4 e6 2. d4 d5 3. Nc3 Bb4 4. Bd3 dxe4 5. Bxe4 Nf6 6. Bd3 c5 7. a3 Ba5 8. dxc5 Bxc3+ 9. bxc3 Nbd7 10. c6 bxc6 11. a4 Qa5 12. Ne2 O-O 13. O-O Ba6 14. c4 Rfd8 15. Bb2 Rab8 16. Bc3 Qg5 17. Ng3 Nb6 18. Qe2 c5 19. f4 Qh4 20. a5 Ng4 21. h3 Qxg3 22. hxg4 Nd7 23. Rf3 Qxg4 24. Bxh7+ Kf8 25. Bd3 Bb7 26. Be4 Bxe4 27. Qxe4 Qf5 28. Qe2 Nf6 29. Be5 Rb7 30. Rg3 Rbd7 31. Rg5 Qe4 32. Qxe4 Nxe4 33. Rxg7 Rd1+ 34. Rxd1 Rxd1+ 35. Kh2 f6 36. Rxa7 fxe5 37. fxe5 Ra1 38. a6 Ng5 39. Rc7 Rxa6 40. Rxc5 Kf7 41. Rc7+ Kg6 42. c5 Kf5 43. Rg7 Ne4 44. g4+ Kxe5 45. Rc7 Ra2 46. Kh3 Rxc2 47. c6 Rc1 48. Rc8 Nd6 49. Rc7 Ne4 50. Rc8 Rc3+ 51. Kh4 Rc4 52. Kh5 Nf6+ 53. Kg6 Nxg4 54. Kf7 Ne3 55. Ke7 Nd5+ 56. Kd8 Kd6 57. c7 Rxc7 58. Ra8 Rd7+ 59. Ke8 Nc7+ 0-1


[Site "https://www.chess.com"]

[Event "Titled Tuesday Blitz December 27 Early 2022"]
[White "Erzhanov, Arman"]
[Black "Mohammed, Zozek Salah Mohammed"]
[WhiteFideId "4138821"]
[BlackFideId "4803361"]
[WhiteElo "2228"]
[BlackElo "2210"]
[Result "0-1"]
[Round "07"]
[TimeControl "180+2"]
[Date "2022.12.27"]
[WhiteClock "0:00:23"]
[BlackClock "0:00:30"]

1. e4 e6 2. d4 d5 3. Nd2 c5 4. exd5 Qxd5 5. Ngf3 cxd4 6. Bc4 Qd6 7. Qe2 Nf6 8. Nb3 Nc6 9. Bg5 a6 10. O-O-O b5 11. Bd3 Be7 12. Nbxd4 Nxd4 13. Nxd4 Qc7 14. Kb1 Bb7 15. Rhe1 Bd5 16. f4 O-O 17. f5 h6 18. Bc1 e5 19. Qxe5 Bd6 20. Qe3 Rae8 21. Qh3 Rxe1 22. Rxe1 Bxa2+ 23. Kxa2 Qa5+ 24. Kb1 Qxe1 25. Nf3 Qh1 26. g4 Bf4 27. Bf1 Bxc1 28. Kxc1 Nxg4 29. Qxg4 Qxf1+ 30. Kd2 Rd8+ 31. Nd4 Qf2+ 32. Kd3 Qxh2 33. f6 g6 34. c3 h5 35. Qg5 Qf2 36. Qe5 Qf5+ 37. Qxf5 gxf5 38. Ke3 Rd6 39. Nxf5 Rxf6 40. Kf4 Kh7 41. Kg5 Rxf5+ 42. Kxf5 Kh6 43. b3 a5 44. c4 bxc4 45. bxc4 a4 46. c5 a3 47. c6 a2 48. c7 a1=Q 49. c8=Q Qf1+ 50. Ke4 Qg2+ 51. Ke5 Qg3+ 52. Kf6 Qf4+ 53. Ke7 h4 54. Qh8+ Kg6 55. Qg8+ Kh5 56. Qg7 Qg5+ 57. Kxf7 Qxg7+ 58. Kxg7 h3 59. Kf6 h2 60. Kf5 h1=Q 61. Kf4 Qf1+ 62. Kg3 Qc4 63. Kf2 Kg4 64. Ke3 Kf5 65. Kd2 Ke4 66. Ke1 Ke3 67. Kd1 Qa2 68. Kc1 Qh2 69. Kb1 Kd3 70. Kc1 Kc3 71. Kd1 Qe5 72. Kc1 Qe2 73. Kb1 Qd2 74. Ka1 Kb3 0-1


[Site "https://www.chess.com"]

[Event "Titled Tuesday Blitz December 27 Early 2022"]
[White "Estrada Nieto, Julian"]
[Black "Makhmudov, Shukhrat"]
[WhiteFideId "5101018"]
[BlackFideId "14200775"]
[WhiteElo "2215"]
[BlackElo "2115"]
[Result "0-1"]
[Round "07"]
[TimeControl "180+2"]
[Date "2022.12.27"]
[WhiteClock "0:00:10"]
[BlackClock "0:00:13"]

1. e4 e5 2. Nf3 Nc6 3. Bb5 a6 4. Bxc6 dxc6 5. O-O Bg4 6. h3 h5 7. d3 Qf6 8. Be3 Bxf3 9. Qxf3 Qxf3 10. gxf3 Bd6 11. Nd2 Ne7 12. Rfd1 Ng6 13. Kf1 c5 14. Ke2 b6 15. Nc4 a5 16. a4 Kd7 17. Rg1 Ke6 18. Rg5 Be7 19. Rg2 Bf6 20. Rag1 Rad8 21. c3 Rd7 22. Rd1 Rhd8 23. Rgg1 Ke7 24. Rd2 Nf8 25. f4 exf4 26. Bxf4 Ne6 27. Be3 g6 28. f4 Bh8 29. Rdd1 Bf6 30. f5 gxf5 31. exf5 Ng7 32. Rdf1 Rxd3 33. Rf3 R3d5 34. Rgf1 h4 35. Bh6 Nh5 36. Bf4 Kd7 37. Bh2 Re8+ 38. Re3 Ng3+ 39. Bxg3 hxg3 40. Rxe8 Kxe8 41. Ne3 Re5 42. Kf3 Bg5 43. Re1 Ke7 44. Nd5+ Kd6 45. Rxe5 Kxe5 46. Nxc7 Bh4 47. f6 Kd6 48. Nb5+ Ke6 49. Nc7+ Kd6 50. Nb5+ Ke5 51. Nc7 Kxf6 52. Nd5+ Ke5 53. Nxb6 f5 54. Nc4+ Kd5 55. Ne3+ Ke6 56. Ng2 Bg5 57. Kxg3 Bc1 58. b3 Bd2 59. Nf4+ Ke5 60. Ne2 Ke4 61. h4 f4+ 62. Kf2 f3 63. Ng3+ Kf4 64. c4 Be1+ 65. Kxe1 Kxg3 66. Kf1 Kxh4 67. Kf2 Kg4 68. Kf1 Kf4 69. Kf2 Ke4 70. Kf1 Ke3 71. Ke1 f2+ 72. Kf1 Kf3 73. b4 cxb4 74. c5 b3 75. c6 b2 76. c7 b1=Q# 0-1


[Site "https://www.chess.com"]

[Event "Titled Tuesday Blitz December 27 Early 2022"]
[White "Feng, Eric"]
[Black "McCoy, Owen"]
[WhiteFideId "30952590"]
[BlackFideId "30924502"]
[WhiteElo "1951"]
[BlackElo "2085"]
[Result "1-0"]
[Round "07"]
[TimeControl "180+2"]
[Date "2022.12.27"]
[WhiteClock "0:00:12"]
[BlackClock "0:00:02"]

1. d4 Nf6 2. c4 g6 3. Nf3 Bg7 4. g3 O-O 5. Bg2 d6 6. O-O Nbd7 7. Nc3 e5 8. d5 a5 9. e4 Nc5 10. Qc2 Nfd7 11. Be3 Nb6 12. Nd2 f5 13. f4 exf4 14. Bxf4 fxe4 15. Ncxe4 Bf5 16. Rae1 Qd7 17. Nxc5 Bxc2 18. Nxd7 Nxd7 19. Re7 Rad8 20. Bh3 Nc5 21. b3 c6 22. Rfe1 cxd5 23. cxd5 Nd3 24. Rf1 Bd4+ 25. Kg2 b5 26. Be6+ Kh8 27. Bh6 Rxf1 28. Kxf1 Nc5 29. Nf3 Bd3+ 30. Kg2 Be4 31. Bf7 Bf6 32. Rc7 Nd3 33. Be6 Ne1+ 34. Kf2 Nxf3 35. Ke3 Bxd5 36. Bxd5 Ne5 37. h4 Ng4+ 38. Kf4 Nxh6 39. g4 Ng8 40. g5 Be5+ 41. Ke4 Re8 42. Kd3 b4 43. Ra7 Bg7 44. Rxa5 Ne7 45. Be6 Nc6 46. Ra6 Ne5+ 47. Ke4 Rd8 48. Kd5 h6 49. Rb6 hxg5 50. hxg5 Nf3 51. Rxb4 Nxg5 52. Rh4+ Bh6 53. Rxh6+ Kg7 54. Rh2 Nf3 55. Rf2 Ne5 56. a4 Nd3 57. Rf3 Nb4+ 58. Kc4 Nc6 59. Rf7+ Kh6 60. Rc7 Ne5+ 61. Kd4 g5 62. Bf5 g4 63. Ke4 Kg5 64. Rg7+ Kf6 65. Rh7 d5+ 66. Kf4 g3 67. Rh6+ Kg7 68. Rh3 Nf7 69. Rxg3+ Kf6 70. Rg6+ Ke7 71. Re6+ Kf8 72. Rf6 Ke7 73. Re6+ Kf8 74. Ke3 Rb8 75. Bc2 Nd8 76. Rd6 Ke7 77. Rxd5 Nc6 78. Rc5 Kd6 79. Rc4 Rh8 80. Kd2 Rh2+ 81. Kc3 Rh3+ 82. Kb2 Ne5 83. Rd4+ Kc5 84. Re4 Nc6 85. Rc4+ Kb6 86. Be4 Ne5 87. Rb4+ Kc5 88. Rb5+ Kd6 89. Rd5+ Ke6 90. Rb5 Rh2+ 91. Ka3 Kd6 92. a5 Nd7 93. Rd5+ Kc7 94. Bf5 Nb8 95. Rb5 Nc6 96. Be4 Nd4 97. Rb4 Ne2 98. Rb7+ Kc8 99. a6 Nc1 100. a7 Ra2+ 101. Kb4 Ne2 102. Rb8+ Kc7 103. a8=Q Rxa8 104. Rxa8 Nd4 105. Kc5 Ne6+ 106. Kd5 Nf4+ 107. Ke5 Ne2 108. b4 Kb6 109. Rb8+ Ka6 110. Kd5 Nc3+ 111. Kc6 Ka7 112. Kc7 Nb5+ 113. Rxb5 Ka6 114. Ra5# 1-0


[Site "https://www.chess.com"]

[Event "Titled Tuesday Blitz December 27 Early 2022"]
[White "Fernandez Garcia, Gumersindo"]
[Black "Roque Sola, Gisela"]
[WhiteFideId "24516740"]
[BlackFideId "5120241"]
[WhiteElo "2160"]
[BlackElo "2061"]
[Result "1-0"]
[Round "07"]
[TimeControl "180+2"]
[Date "2022.12.27"]
[WhiteClock "0:00:32"]
[BlackClock "0:00:50"]

1. Nf3 Nf6 2. g3 b6 3. Bg2 Bb7 4. O-O e6 5. d4 Be7 6. c4 d6 7. Nc3 Nbd7 8. b3 O-O 9. Bb2 a6 10. Qd3 c5 11. e4 cxd4 12. Nxd4 Qc7 13. h3 Rac8 14. Kh2 Rfd8 15. f4 d5 16. cxd5 exd5 17. e5 Nc5 18. Qe2 Nfe4 19. Rac1 Qb8 20. Nf5 Bf8 21. Qg4 g6 22. Nxe4 Nxe4 23. h4 h5 24. Qe2 Rxc1 25. Rxc1 gxf5 26. Qxh5 Bc8 27. e6 f6 28. Bxe4 dxe4 29. Bxf6 Rd2+ 30. Kh3 Bxe6 31. Qg6+ 1-0


[Site "https://www.chess.com"]

[Event "Titled Tuesday Blitz December 27 Early 2022"]
[White "Fernandez Siles, Luis"]
[Black "Derjabin, Ilja"]
[WhiteFideId "2209420"]
[BlackFideId "14104768"]
[WhiteElo "2218"]
[BlackElo "2333"]
[Result "0-1"]
[Round "07"]
[TimeControl "180+2"]
[Date "2022.12.27"]
[WhiteClock "0:00:04"]
[BlackClock "0:00:09"]

1. d4 Nf6 2. c4 c5 3. d5 b5 4. Qc2 Na6 5. e4 Nb4 6. Qe2 bxc4 7. Qxc4 Ba6 8. Qb3 Qa5 9. Bd2 Nxe4 10. Bxb4 cxb4 11. Bxa6 Qxa6 12. Qxb4 Nd6 13. Nc3 g6 14. Nge2 Bg7 15. O-O O-O 16. Rab1 Rab8 17. Qa4 Qb7 18. Rfe1 Rfc8 19. h4 Rc4 20. Qd1 Rxh4 21. Ng3 Bxc3 22. bxc3 Qxb1 23. Qxb1 Rxb1 24. Rxb1 Ra4 25. Rb2 Kg7 26. f3 Rc4 27. Rb3 Rc5 28. Ra3 a5 29. Ne4 Nxe4 30. fxe4 Kf6 31. Kf2 Ke5 32. Ke3 d6 33. Kd3 f5 34. exf5 Rxd5+ 35. Ke3 gxf5 36. Ra4 Rc5 37. Kd3 Rb5 38. Kc4 Rb2 39. Rxa5+ Kf6 40. Ra8 Rxg2 41. a4 Ke5 42. a5 Ra2 43. Kb3 Ra1 44. Kb2 Rg1 45. a6 e6 0-1


[Site "https://www.chess.com"]

[Event "Titled Tuesday Blitz December 27 Early 2022"]
[White "Ferreira, Vitor Hugo Vieira"]
[Black "Martynov, Pavel"]
[WhiteFideId "2119765"]
[BlackFideId "4101260"]
[WhiteElo "2128"]
[BlackElo "2414"]
[Result "1-0"]
[Round "07"]
[TimeControl "180+2"]
[Date "2022.12.27"]
[WhiteClock "0:00:53"]
[BlackClock "0:00:02"]

1. e4 c5 2. Nf3 e6 3. g3 d5 4. exd5 exd5 5. Bg2 Nf6 6. O-O Be7 7. d4 O-O 8. dxc5 Bxc5 9. Nc3 h6 10. Bf4 Nc6 11. Qd2 Be6 12. Rad1 Re8 13. Nb5 Rc8 14. c3 Ne4 15. Qc1 Qb6 16. Nbd4 Bg4 17. Be3 Nxd4 18. Bxd4 Bxd4 19. Rxd4 Bxf3 20. Bxf3 Ng5 21. Bxd5 Qxd4 22. cxd4 Rxc1 23. Rxc1 Rd8 24. Bb3 Rxd4 25. Rc7 a5 26. h4 a4 27. Bc2 Nf3+ 28. Kh1 g6 29. Rc3 Rd2 30. Be4 Nd4 31. Kg2 Rxb2 32. Rc4 1-0


[Site "https://www.chess.com"]

[Event "Titled Tuesday Blitz December 27 Early 2022"]
[White "Firouzja, Alireza"]
[Black "Oparin, Grigoriy"]
[WhiteFideId "12573981"]
[BlackFideId "24125890"]
[WhiteElo "2785"]
[BlackElo "2667"]
[Result "1-0"]
[Round "07"]
[TimeControl "180+2"]
[Date "2022.12.27"]
[WhiteClock "0:00:07"]
[BlackClock "0:00:02"]

1. e4 e5 2. Nf3 Nc6 3. Bb5 Nf6 4. d3 d6 5. c3 a6 6. Ba4 Bd7 7. O-O g6 8. Re1 Bg7 9. Nbd2 O-O 10. Nf1 b5 11. Bb3 Na5 12. Bc2 c5 13. h3 Nc6 14. Bb3 Na5 15. Bc2 Re8 16. Bg5 h6 17. Bh4 Nc6 18. Ne3 Be6 19. Bb3 Rc8 20. Bxe6 fxe6 21. Bxf6 Qxf6 22. a4 b4 23. a5 Kh7 24. Nc4 Qd8 25. Qa4 Rf8 26. Re3 h5 27. Ne1 Bh6 28. Rf3 Rxf3 29. Nxf3 Qc7 30. Qd1 d5 31. Nb6 Rd8 32. Na4 Qxa5 33. Qe1 bxc3 34. bxc3 c4 35. exd5 Qxd5 36. dxc4 Qxc4 37. Nb6 Qc5 38. Rb1 a5 39. Qe4 Qd6 40. Nc4 Qd3 41. Rb7+ Bg7 42. Qxc6 1-0


[Site "https://www.chess.com"]

[Event "Titled Tuesday Blitz December 27 Early 2022"]
[White "Gabdrakhmanov, Azat"]
[Black "Guliev, Logman"]
[WhiteFideId "34189197"]
[BlackFideId "13400061"]
[WhiteElo "2316"]
[BlackElo "2250"]
[Result "1-0"]
[Round "07"]
[TimeControl "180+2"]
[Date "2022.12.27"]
[WhiteClock "0:00:11"]
[BlackClock "0:00:03"]

1. e4 c5 2. Nf3 Nc6 3. d4 cxd4 4. Nxd4 Nf6 5. Nc3 d6 6. Bg5 e6 7. Qd2 a6 8. O-O-O Bd7 9. f4 Qc7 10. Nxc6 Bxc6 11. Bd3 b5 12. Rhe1 Be7 13. e5 dxe5 14. fxe5 Nd5 15. Bxe7 Qxe7 16. Ne4 O-O 17. Kb1 Nb4 18. Nf6+ gxf6 19. exf6 Qxf6 20. Qxb4 Kh8 21. Rf1 Qg5 22. g4 Rad8 23. a3 Qg7 24. Qc5 Bd5 25. Rg1 Rc8 26. Qb4 Bc4 27. Rg3 Bxd3 28. Rgxd3 Rc4 29. Qe7 Rcc8 30. h3 Qg6 31. Rc3 Kg7 32. Rc7 Rfe8 33. Qc5 Rcd8 34. Qe5+ Qf6 35. Qxf6+ Kxf6 36. Rf1+ Kg6 37. Rfxf7 Rd1+ 38. Ka2 e5 39. Rxh7 e4 40. Rhe7 Rxe7 41. Rxe7 Re1 42. h4 Kf6 43. Re8 Kf7 44. Re5 Kf6 45. Rf5+ Ke6 46. Kb3 Re3+ 47. c3 Rf3 48. Kc2 Rg3 49. Rf2 Rxg4 50. Rh2 Rg3 51. h5 Rg7 52. h6 Rh7 53. Kd2 Ke5 54. Ke3 Kd5 55. b3 a5 56. Rh5+ Kd6 57. Rxb5 1-0


[Site "https://www.chess.com"]

[Event "Titled Tuesday Blitz December 27 Early 2022"]
[White "Gatterer, Florian"]
[Black "Van Essen, Mark"]
[WhiteFideId "811688"]
[BlackFideId "1012819"]
[WhiteElo "2170"]
[BlackElo "2194"]
[Result "1/2-1/2"]
[Round "07"]
[TimeControl "180+2"]
[Date "2022.12.27"]
[WhiteClock "0:01:41"]
[BlackClock "0:01:48"]

1. d4 Nf6 2. Nf3 g6 3. Nc3 d5 4. Bf4 Bg7 5. e3 O-O 6. Nb5 Na6 7. Nc3 c6 8. Bxa6 bxa6 9. Be5 Bf5 10. O-O Qd7 11. Na4 Qb7 12. b3 Rfe8 13. Nc5 Qc8 14. h3 Ne4 15. Bxg7 Kxg7 16. Nxe4 Bxe4 17. Nd2 Bf5 18. g4 Bd7 19. f4 h5 20. f5 hxg4 21. hxg4 Rh8 22. Kg2 1/2-1/2


[Site "https://www.chess.com"]

[Event "Titled Tuesday Blitz December 27 Early 2022"]
[White "Gnechko, Ruslan"]
[Black "Volkov, Maksim"]
[WhiteFideId "14135868"]
[BlackFideId "54123070"]
[WhiteElo "2132"]
[BlackElo "2258"]
[Result "0-1"]
[Round "07"]
[TimeControl "180+2"]
[Date "2022.12.27"]
[WhiteClock "0:00:01"]
[BlackClock "0:00:05"]

1. e4 e6 2. d4 d5 3. Nc3 Bb4 4. exd5 exd5 5. Bd3 Nc6 6. a3 Bxc3+ 7. bxc3 Be6 8. Rb1 Na5 9. Nf3 c6 10. O-O Ne7 11. Ng5 Qd6 12. Re1 Bd7 13. Qh5 g6 14. Qe2 O-O 15. Bd2 Rae8 16. Qf3 b6 17. Bf4 Qf6 18. Qg3 Nf5 19. Qh3 h5 20. Nf3 Nxd4 21. Qxd7 Nxf3+ 22. gxf3 Rxe1+ 23. Rxe1 Qxf4 24. Qxa7 Qb8 25. Qe7 Qd8 26. Qa7 Qb8 27. Qe7 Nb7 28. Rb1 Nc5 29. Qf6 Qc7 30. c4 Rd8 31. cxd5 Rxd5 32. Be4 Rd6 33. Qc3 Qd8 34. Qe3 Re6 35. Re1 f5 0-1


[Site "https://www.chess.com"]

[Event "Titled Tuesday Blitz December 27 Early 2022"]
[White "Goltsev, Dmitry"]
[Black "Hirneise, Jens"]
[WhiteFideId "24176710"]
[BlackFideId "24614734"]
[WhiteElo "2269"]
[BlackElo "2277"]
[Result "1-0"]
[Round "07"]
[TimeControl "180+2"]
[Date "2022.12.27"]
[WhiteClock "0:00:31"]
[BlackClock "0:00:09"]

1. e4 c6 2. d4 g6 3. h4 h5 4. Nc3 Bg7 5. Nf3 d5 6. e5 Bg4 7. Bg5 Nh6 8. Be2 Nf5 9. Nh2 Bxe2 10. Nxe2 Qb6 11. b3 f6 12. exf6 exf6 13. Bc1 Nxh4 14. Nf4 g5 15. Nxh5 Kf7 16. Nxg7 Kxg7 17. O-O Nf5 18. c3 Qc7 19. Ng4 Nd7 20. Bd2 Rh4 21. Qf3 Rah8 22. g3 Rh3 23. Rfe1 Nxg3 24. Re7+ Kf8 25. Rxd7 Ne2+ 26. Kf1 Qxd7 27. Qxf6+ Qf7 28. Qxf7+ Kxf7 29. Kxe2 Rh1 30. Rxh1 Rxh1 31. Bxg5 Ke6 32. Bd2 Ra1 33. a4 Rb1 34. b4 b6 35. Ne3 Ra1 36. f4 Rxa4 37. f5+ Kf6 38. Be1 Ra2+ 39. Kf3 a5 40. Bh4+ Kf7 41. bxa5 bxa5 42. Ng4 a4 43. Ne5+ Kf8 44. Bg5 a3 45. f6 Rh2 46. Bc1 a2 47. Ba3+ Kg8 48. f7+ Kh7 49. f8=Q a1=Q 50. Qf7+ Kh8 51. Ng6# 1-0


[Site "https://www.chess.com"]

[Event "Titled Tuesday Blitz December 27 Early 2022"]
[White "Graham, Nathaniel"]
[Black "Vovk, Orest"]
[WhiteFideId "2007983"]
[BlackFideId "14113490"]
[WhiteElo "2262"]
[BlackElo "2315"]
[Result "1-0"]
[Round "07"]
[TimeControl "180+2"]
[Date "2022.12.27"]
[WhiteClock "0:00:35"]
[BlackClock "0:01:40"]

1. e4 g5 2. d4 g4 3. Qxg4 d5 4. Qf3 dxe4 5. Qxe4 Nf6 6. Qd3 Nc6 7. Nf3 Bg4 8. Nbd2 Qd5 9. Qc4 O-O-O 10. Qxd5 Nxd5 11. Bc4 e6 12. c3 Rg8 13. g3 Bh3 14. Bf1 Bxf1 15. Kxf1 f6 16. Ne4 Be7 17. Kg2 e5 18. dxe5 fxe5 19. Bg5 Bxg5 20. Nfxg5 Rd7 21. Rhd1 h6 22. Nf3 Nf4+ 23. Kf1 Ne6 24. Rxd7 Kxd7 25. Nf6+ Ke7 26. Nxg8+ Kf7 27. Nxh6+ Kg6 28. Ng4 e4 29. Nfe5+ Nxe5 30. Nxe5+ Kf5 31. Nc4 1-0


[Site "https://www.chess.com"]

[Event "Titled Tuesday Blitz December 27 Early 2022"]
[White "Grigoriants, Sergey"]
[Black "Bachmann, Axel"]
[WhiteFideId "4130804"]
[BlackFideId "3700488"]
[WhiteElo "2562"]
[BlackElo "2604"]
[Result "1-0"]
[Round "07"]
[TimeControl "180+2"]
[Date "2022.12.27"]
[WhiteClock "0:00:04"]
[BlackClock "0:00:03"]

1. e4 g6 2. d4 Bg7 3. Nf3 c6 4. Bd3 d6 5. h3 Nf6 6. O-O O-O 7. Re1 Qc7 8. e5 dxe5 9. dxe5 Nd5 10. a3 Nd7 11. c4 N5b6 12. Qe2 Nc5 13. Bc2 Be6 14. b3 a5 15. a4 Nbd7 16. Ba3 Rfe8 17. Nbd2 Rad8 18. Rad1 Qb6 19. Ne4 Nxe4 20. Qxe4 Bf5 21. Qe2 Bxc2 22. Qxc2 Nc5 23. Bxc5 Qxc5 24. e6 f5 25. Ng5 b5 26. Rd7 Rb8 27. Re2 bxa4 28. bxa4 Rb4 29. Red2 Bf6 30. Nf3 Rxc4 31. Qd3 Rxa4 32. Rd8 Rxd8 33. Qxd8+ Kg7 34. Qe8 Re4 35. Qf7+ Kh6 36. Qf8+ Bg7 37. Qb8 1-0


[Site "https://www.chess.com"]

[Event "Titled Tuesday Blitz December 27 Early 2022"]
[White "Grigorov, Grigor"]
[Black "Potapova, Margarita"]
[WhiteFideId "2907313"]
[BlackFideId "14126869"]
[WhiteElo "2510"]
[BlackElo "2104"]
[Result "1-0"]
[Round "07"]
[TimeControl "180+2"]
[Date "2022.12.27"]
[WhiteClock "0:01:55"]
[BlackClock "0:00:44"]

1. Nf3 d5 2. g3 Nf6 3. Bg2 e6 4. O-O c5 5. c4 d4 6. e3 Nc6 7. exd4 cxd4 8. d3 Bd6 9. Na3 a5 10. Nb5 Bc5 11. Bg5 O-O 12. Nd2 h6 13. Bxf6 Qxf6 14. Ne4 Qe7 15. Nxc5 Qxc5 16. Qd2 e5 17. f4 exf4 18. Rxf4 Be6 19. Nc7 Rad8 20. Nxe6 fxe6 21. Raf1 e5 22. Bd5+ Kh8 23. Rf7 Nb4 24. Bxb7 Rxf7 25. Rxf7 Rf8 26. Qf2 Rxf7 27. Qxf7 Nxd3 28. Qe8+ 1-0


[Site "https://www.chess.com"]

[Event "Titled Tuesday Blitz December 27 Early 2022"]
[White "Guha, Eshan"]
[Black "Ezat, Mohamed"]
[WhiteFideId "30958628"]
[BlackFideId "10600906"]
[WhiteElo "2071"]
[BlackElo "2402"]
[Result "0-1"]
[Round "07"]
[TimeControl "180+2"]
[Date "2022.12.27"]
[WhiteClock "0:01:24"]
[BlackClock "0:01:05"]

1. b3 e5 2. Bb2 Nc6 3. e3 Nf6 4. Bb5 Bd6 5. Na3 O-O 6. Nc4 Qe7 7. Nxd6 Qxd6 8. Nf3 Re8 9. O-O e4 10. Nd4 Nxd4 11. Bxd4 c6 12. Be2 Qe7 13. f3 d5 14. a4 exf3 15. Bxf3 Ne4 16. d3 Nd6 17. Qd2 Nf5 18. Rae1 Nxd4 19. exd4 Be6 20. Bg4 Qd6 21. Bxe6 Rxe6 22. Rxe6 Qxe6 23. Re1 Qf6 24. Qe3 g6 25. Qe5 Qxe5 26. dxe5 Re8 27. d4 f6 28. Kf2 fxe5 29. dxe5 Kf7 30. Kf3 Ke6 31. Ke3 Rf8 32. c4 dxc4 33. bxc4 Kxe5 34. Kd3+ Kd6 35. Rb1 b6 36. a5 Kc5 37. axb6 axb6 38. Rb2 Rf4 39. Rc2 Rd4+ 40. Ke3 Rxc4 41. Rf2 b5 42. Rf7 Rh4 43. h3 b4 44. Kd3 Rd4+ 45. Kc2 Re4 46. Kd3 Rd4+ 47. Kc2 Kc4 48. Rxh7 b3+ 49. Kb2 Rd2+ 50. Kc1 Kc3 0-1


[Site "https://www.chess.com"]